 Dungeon Crawl Stone Soup version 0.19-a0-1090-g3c1ee9c (webtiles) character file.

221 MrRokkomies the Insei (level 5, -2/33 HPs)
             Began as an Octopode Transmuter on Aug 6, 2016.
             Slain by an orc
             ... wielding a +0 flail
              (9 damage)
             ... on level 3 of the Dungeon on Aug 7, 2016.
             The game lasted 00:11:42 (2758 turns).

MrRokkomies the Insei (Octopode Transmuter)         Turns: 2758, Time: 00:11:44

Health: -2/33      AC:  1    Str:  9    XL:     5   Next: 98%
Magic:  8/8        EV: 13    Int: 17    God:
Gold:   186        SH:  0    Dex: 12    Spells: 3 memorised, 2 levels left

rFire  . . .     SeeInvis .       - Unarmed
rCold  . . .     Gourm    +     (no shield)
rNeg   . . .     Faith    .     (helmet restricted)
rPois  .         Spirit   .     h - amulet of the gourmand
rElec  .         Dismiss  .     e - ring of loudness (curse)
rCorr  .         Reflect  .     (no ring)
SustAt .         Harm     .     (no ring)
MR     .....                    (no ring)
Stlth  +.........               (no ring)
                                (no ring)
                                (no ring)
                                (no ring)

@: appendage, flying, very slightly contaminated, hasted, very quick
A: almost no armour, amphibious, 8 rings, constrict 8, tentacle spike 3,
camouflage 1, gelatinous body 1
a: End Transformation


You were on level 3 of the Dungeon.
You were not hungry.
One of your tentacles had a temporary spike.
You visited 1 branch of the dungeon, and saw 4 of its levels.

You collected 186 gold pieces.

Inventory:

Missiles
 a - 11 arrows
 g - 4 tomahawks of returning (quivered)
 i - 24 poisoned needles
 j - 46 sling bullets
Jewellery
 e - a cursed ring of loudness (left tentacle)
 h - an amulet of the gourmand (around mantle)
Scrolls
 r - a scroll of amnesia
Potions
 n - 2 potions of cancellation
 o - a potion of haste
 p - a potion of flight
 t - a potion of agility {unknown}
Books
 b - a book of Changes

   Spells                             Type                      Level
   a - Beastly Appendage              Transmutation                1
   b - Sticks to Snakes               Transmutation                2
   c - Spider Form                    Transmutation/Poison         3
   d - Ice Form                       Ice/Transmutation            4
   e - Blade Hands                    Transmutation                5
Comestibles
 c - a bread ration
 f - 6 beef jerkies
 k - a slice of pizza
 s - a meat ration


   Skills:
 - Level 1.0 Fighting
 * Level 3.1 Throwing
 - Level 2.0 Dodging
 * Level 4.9 Unarmed Combat
 - Level 2.0 Spellcasting
 - Level 3.0 Transmutations


You had 2 spell levels left.
You knew the following spells:

 Your Spells              Type           Power        Failure   Level  Hunger
a - Beastly Appendage     Tmut           ##....       6%          1    #......
b - Sticks to Snakes      Tmut           ##......     10%         2    ###....
c - Spider Form           Tmut/Pois      #.........   30%         3    ###....


Dungeon Overview and Level Annotations

Branches:
Dungeon (4/15)
 Temple: D:4-7

Altars:
Nemelex Xobeh
Yredelemnul


Innate Abilities, Weirdness & Mutations

You cannot wear most types of armour.
You are amphibious.
You can wear up to eight rings at the same time.
You can use your tentacles to constrict eight enemies at once.
Your skin changes colour to match your surroundings (Stealth+).
Your rubbery body absorbs attacks. (AC +1, EV +1)
One of your tentacles bears a large vicious spike.


Message History

You constrict the orc, but do no damage.
The orc wizard hits you with a dagger.
You tentacle-slap the orc but do no damage.
Your grab misses the orc.
You constrict the orc wizard, but do no damage.
You constrict the orc, but do no damage.
The orc hits you with a mace. The orc hits you with a flail.
* * * LOW HITPOINT WARNING * * *
You tentacle-slap the orc wizard but do no damage.
The orc wizard is heavily wounded.
You constrict the orc wizard, but do no damage.
You constrict the orc, but do no damage.
The orc wizard closely misses you.
You tentacle-slap the orc wizard.
You pierce the orc wizard, but do no damage.
The orc wizard is severely wounded.
You constrict the orc wizard.
You constrict the orc, but do no damage.
The orc misses you. The orc hits you with a flail!
You die...

....)...######.#.....###
#.##...........#..####
#.###....#######..#
#.###...########).##
........##.........#
####..####.........#
...................#
####..####.......o.#
..##..# #......@o.#
#.....# #.....o##.#
......####.#...o##.#
#.....#.........##.#
#...............##.######
#.......................#
.........##.......o.....#
....^...................#
.>.......#########..#####


You could see an orc wizard and 3 orcs.

Vanquished Creatures
  A hound (D:4)
  Terence (D:2)
  2 adders
  4 gnolls (D:3)
  An ooze (D:1)
  A worm (D:2)
  5 dart slugs
  3 giant geckos
  6 orcs
  2 bats
  2 goblins
  6 hobgoblins
  2 jackals (D:1)
  A kobold (D:1)
  A quokka (D:2)
  A ball python (D:3)
  3 giant newts
  4 rats
46 creatures vanquished.

Vanquished Creatures (collateral kills)
  An orc wizard (D:3)
  An orc priest (D:3)
  A giant newt (D:3)
3 creatures vanquished.

Grand Total: 49 creatures vanquished

Notes
Turn   | Place    | Note
-------+----------+-------------------------------------------
     0 | D:1      | MrRokkomies the Octopode Transmuter began the quest for the Orb.
     0 | D:1      | Reached XP level 1. HP: 13/13 MP: 3/3
    33 | D:1      | Reached XP level 2. HP: 17/18 MP: 5/5
   184 | D:1      | Upgraded the game from 0.19-a0-1073-g541410e to 0.19-a0-1090-g3c1ee9c
   381 | D:1      | Reached XP level 3. HP: 22/23 MP: 6/6
   385 | D:1      | Learned a level 2 spell: Sticks to Snakes
   389 | D:1      | Learned a level 3 spell: Spider Form
  1231 | D:2      | Noticed Terence
  1240 | D:2      | Killed Terence
  1240 | D:2      | Reached skill level 1 in Throwing
  1240 | D:2      | Reached XP level 4. HP: 20/28 MP: 3/7
  1429 | D:2      | Reached skill level 4 in Unarmed Combat
  1593 | D:2      | Found a basalt altar of Yredelemnul.
  1855 | D:3      | Found a sparkling altar of Nemelex Xobeh.
  2267 | D:3      | Reached XP level 5. HP: 14/33 MP: 5/8
  2750 | D:3      | HP: 1/33 [orc/flail (2)]
  2758 | D:3      | Slain by an orc

Vault maps used:
D:1:      dpeg_arrival_erosion
D:2:      lemuel_coloured_pillars_altar, uniq_terence
D:3:      nemelex_xobeh_ov_fountains_minmay

Skill      XL: |  1  2  3  4  5 |
---------------+----------------+-----
Transmutations | 3 |  3.0
Throwing       | 1 2 3 |  3.1
Unarmed Combat | 4 |  4.9
Fighting       | |  1.0
Dodging        | |  2.0
Spellcasting   | |  2.0

Action                   |  1- 3 |  4- 6 || total
-------------------------+-------+-------++-------
Melee: Unarmed           |    52 |    62 ||   114
       Tentacles         |     8 |     8 ||    16
       Constrict         |    15 |    11 ||    26
       Kick              |     2 |     6 ||     8
       Punch             |       |     1 ||     1
Throw: Tomahawk          |       |    37 ||    37
 Cast: Beastly Appendage |     1 |     3 ||     4
       Spider Form       |     1 |     1 ||     2
       Sticks to Snakes  |       |     1 ||     1
  Use: Scroll            |     3 |     6 ||     9
       Potion            |       |     6 ||     6
 Stab: Sleeping          |     4 |       ||     4
  Eat: Chunk             |     2 |     6 ||     8
Armor: Skin              |     5 |       ||     5
Dodge: Dodged            |    31 |    50 ||    81
